 Dungeon Crawl Stone Soup version 0.19-a0-1738-gbb2db12 (webtiles) character file.

1632 Naow the Cleaver (level 8, -7/96 HPs)
             Began as a Minotaur Berserker on Oct 1, 2016.
             Was an Elder of Trog.
             Mangled by an orc warrior
             ... wielding a +0 flail
              (18 damage)
             ... on level 6 of the Dungeon.
             The game lasted 00:09:11 (4343 turns).

Naow the Cleaver (Minotaur Berserker)               Turns: 4343, Time: 00:09:11

Health: -7/96      AC: 10    Str: 28    XL:     8   Next: 66%
Magic:  7/7        EV: 11    Int:  6    God:    Trog [****..]
Gold:   226        SH:  0    Dex:  9    Spells: 0 memorised, 7 levels left

rFire  . . .     SeeInvis .     a - +0 hand axe
rCold  + . .     Gourm    .     f - +2 scale mail {rC+}
rNeg   . . .     Faith    .     (no shield)
rPois  .         Spirit   .     (helmet restricted)
rElec  .         Dismiss  .     q - +0 cloak
rCorr  .         Reflect  .     s - +0 pair of gloves
MR     ++...     Harm     .     (no boots)
Stlth  ..........               (no amulet)
                                (no ring)
                                w - ring of flight

@: berserking, regenerating, very quick
A: retaliatory headbutt, horns 2
a: Berserk, Trog's Hand, Brothers in Arms, Burn Spellbooks, Renounce Religion,
Evoke Flight


You were on level 6 of the Dungeon.
You worshipped Trog.
Trog was greatly pleased with you.
You were very hungry.

You visited 1 branch of the dungeon, and saw 6 of its levels.

You collected 226 gold pieces.

Inventory:

Hand Weapons
 a - a +0 hand axe (weapon)
Armour
 f - a +2 scale mail of cold resistance (worn)
 q - a +0 cloak (worn)
 s - a +0 pair of gloves (worn)
Jewellery
 w - a ring of flight (left hand)
Wands
 b - a wand of flame (28/48)
 n - a wand of slowing (20/48)
 y - a wand of iceblast (4/15)
Scrolls
 d - 2 scrolls of random uselessness {unknown}
 e - 3 scrolls of teleportation {unknown}
 i - a scroll of enchant armour {unknown}
 l - a scroll of magic mapping {unknown}
 m - 11 scrolls of identify {unknown}
 r - 6 scrolls of remove curse {unknown}
 t - a scroll of fear {unknown}
 x - a scroll of blinking {unknown}
Potions
 g - 2 potions of agility
 h - a potion of lignification {unknown}
 j - a potion of berserk rage {unknown}
 o - 3 potions of curing {unknown}
 p - a potion of magic {unknown}
 u - a potion of might {unknown}
 z - a potion of brilliance {unknown}
Comestibles
 c - 3 bread rations
 k - a beef jerky
 v - 3 fruits
 A - 3 chunks of flesh


   Skills:
 - Level 3.6 Fighting
 + Level 13.1 Axes
 - Level 2.6 Armour
 - Level 2.3 Dodging


You had 7 spell levels left.
You didn't know any spells.

Dungeon Overview and Level Annotations

Branches:
Dungeon (6/15)             Temple (0/1) D:5

Altars:

Shops:
D:5 *


Innate Abilities, Weirdness & Mutations

You reflexively headbutt those who attack you in melee.
You have a pair of horns on your head.


Message History

The orc warrior is moderately wounded.
You barely miss the orc warrior.
The orc warrior is moderately wounded.
The orc warrior hits you with a flail.
* * * LOW HITPOINT WARNING * * *
You barely miss the orc warrior. Your headbutt misses the orc warrior.
The orc warrior is moderately wounded.
You hit the orc warrior. Your headbutt misses the orc warrior.
The orc warrior is heavily wounded.
You closely miss the orc warrior. Your headbutt misses the orc warrior.
The orc warrior is heavily wounded.
The orc warrior hits you with a flail.
* * * LOW HITPOINT WARNING * * *
Something tries to affect you, but you resist.
You hit the orc warrior.
The orc warrior is heavily wounded.
You hit the orc warrior.
The orc warrior is severely wounded.
The orc warrior hits you with a flail!!
You die...

#
###..#.......####.[####
##.....'.......##......#
##.#..##...†..###......#
## #.......(.## #......#
# ##.######)####......#
## #...#...#..).#......#
.# #...#.#.####.#......#
.# #[....#...##.#).....#
.#.##..#####.##.@o..####
.#.....# #...##).....#
.####.## #.#.#.......#
..###'#### ###.#.......#
#.#......# #.........#
#.#......########......#
#.#.............#......#
#..##.##........#.[....#
##.##.##........########


You could see an orc warrior.

Vanquished Creatures
  The ghost of Cirk the Poker, a novice TeMo (D:5)
  A water moccasin (D:6)
  An orc warrior (D:6)
  A sky beast (D:6)
  An ogre (D:4)
  Blork the orc (D:5)
  2 scorpions (D:6)
  A vampire bat (D:4)
  2 howler monkeys
  2 crimson imps
  3 hounds
  A bullfrog skeleton (D:6)
  2 centaur skeletons
  3 orc wizards
  An orc priest (D:5)
  A worker ant (D:5)
  A hound zombie (D:6)
  Robin (D:2)
  10 adders
  A shadow imp (D:5)
  2 adder zombies (D:6)
  4 worms
  5 dart slugs
  3 fire bats (D:4)
  4 leopard geckos
  10 orcs
  2 spectral bats (D:4)
  3 bat skeletons (D:4)
  A bat zombie (D:4)
  4 giant cockroaches
  15 goblins
  5 hobgoblins
  10 jackals
  2 quokkas
  16 bats
  A bat simulacrum (D:4)
  4 frilled lizards
  A goblin zombie (D:4)
  A jackal zombie (D:6)
  8 kobolds
  A quokka zombie (D:4)
  5 rats
144 creatures vanquished.

Notes
Turn   | Place    | Note
-------+----------+-------------------------------------------
     0 | D:1      | Naow the Minotaur Berserker began the quest for the Orb.
     0 | D:1      | Reached XP level 1. HP: 19/19 MP: 0/0
   311 | D:1      | Reached skill level 4 in Axes
   313 | D:1      | Reached XP level 2. HP: 26/26 MP: 1/1
   790 | D:2      | Reached XP level 3. HP: 23/31 MP: 2/2
   856 | D:2      | Reached skill level 5 in Axes
   953 | D:2      | Reached ** piety under Trog
   953 | D:2      | Reached XP level 4. HP: 17/39 MP: 3/3
   954 | D:2      | Noticed Robin
   964 | D:2      | Reached skill level 6 in Axes
   966 | D:2      | Killed Robin
  1644 | D:3      | Reached XP level 5. HP: 45/45 MP: 4/4
  2203 | D:4      | Reached skill level 7 in Axes
  2428 | D:4      | Found a sand-covered staircase.
  2445 | D:4      | Noticed an ogre
  2451 | D:4      | Killed an ogre
  2451 | D:4      | Reached skill level 8 in Axes
  2451 | D:4      | Reached XP level 6. HP: 26/51 MP: 5/5
  2673 | D:4      | Reached *** piety under Trog
  2705 | D:4      | Reached skill level 9 in Axes
  2981 | D:4      | Got a slimy robe
  2992 | D:4      | Identified the +1 robe "Wuist" {rN+ Dex+2} (You found it on level 4 of the Dungeon)
  3015 | D:5      | Entered Level 5 of the Dungeon
  3084 | D:5      | Noticed Blork the orc
  3090 | D:5      | Killed Blork the orc
  3090 | D:5      | Reached XP level 7. HP: 56/57 MP: 6/6
  3099 | D:5      | Found Ushaoneth's Elemental Accessories.
  3102 | D:5      | Noticed Cirk's ghost (novice TeMo)
  3121 | D:5      | Killed Cirk's ghost
  3121 | D:5      | Reached skill level 10 in Axes
  3181 | D:5      | Found a staircase to the Ecumenical Temple.
  3350 | D:5      | Reached skill level 11 in Axes
  3398 | D:5      | Reached **** piety under Trog
  3835 | D:6      | Reached XP level 8. HP: 49/64 MP: 7/7
  3919 | D:6      | Reached skill level 12 in Axes
  4335 | D:6      | Reached skill level 13 in Axes
  4343 | D:6      | Mangled by an orc warrior

Vault maps used:
D:1:      dpeg_arrival_pits, minmay_misc_feat_secret_circle,
          minmay_misc_feat_diagonals, minmay_tromino_i2
D:2:      uniq_robin
D:3:      nicolae_tso_swordbearing_angel, uniq_sigmund
D:4:      first_bread, enter_ossuary_4, goddamned_bats
D:5:      hangedman_abyss_or_decor_stabs, st_stairs_7, nicolae_elemental_shop,
          uniq_blork_the_orc

Skill      XL: |  1  2  3  4  5  6  7  8 |
---------------+-------------------------+-----
Axes           | 4 5 6 8 9 11 13 | 13.1
Fighting       | |  3.6
Armour         | |  2.6
Dodging        | |  2.3

Action                   |  1- 3 |  4- 6 |  7- 9 || total
-------------------------+-------+-------+-------++-------
Melee: Hand axe          |    87 |   144 |   186 ||   417
       Headbutt          |    13 |    17 |    36 ||    66
Invok: Berserk           |     1 |     1 |     2 ||     4
       Trog's Hand       |       |       |     2 ||     2
  Eat: Chunk             |       |     9 |     5 ||    14
Armor: Scale mail        |    50 |    81 |    67 ||   198
Dodge: Dodged            |    62 |    66 |    76 ||   204
